 Dungeon Crawl Stone Soup version 0.26.0-10-g1f06aea511 (webtiles) character file.

Game seed: 17618365945347245021

4468 Borgoz the Carver (level 10, -10/84 HPs)
             Began as a Ghoul Gladiator on Jan 30, 2021.
             Mangled by an orc knight
             ... wielding a +0 war axe
              (33 damage)
             ... in a bailey.
             The game lasted 00:22:26 (7024 turns).

Borgoz the Carver (Ghoul Gladiator)                 Turns: 7024, Time: 00:22:26

Health: -10/84     AC: 16    Str: 19    XL:     10   Next: 37%
Magic:  9/9        EV: 15    Int:  3    God:
Gold:   291        SH:  4    Dex: 13    Spells: 9/9 levels left

rFire    + . .     SeeInvis .   a - +3 scimitar (drain)
rCold    + . .     Faith    .   B - +0 buckler
rNeg     + + +     Spirit   .   y - +0 steam dragon scales
rPois    ∞         Reflect  .   c - +0 helmet
rElec    .         Harm     .   r - +2 cloak
rCorr    .         Rampage  .   m - +0 pair of gloves
Will     .....                  (no boots)
Stlth    +.........             h - amulet of the acrobat
HPRegen  0.00/turn              j - +4 ring of protection
MPRegen  0.11/turn              x - ring of protection from fire

@: no status effects
A: claws 1, cold resistance 1, negative energy resistance 3, inhibited
regeneration, torment resistance, unbreathing
a: no special abilities


You were in a bailey.
You visited 1 branch of the dungeon, and saw 7 of its levels.
You also visited: Bailey.

You collected 291 gold pieces.

Inventory:

Hand Weapons
 a - a +3 scimitar of draining (weapon)
Armour
 c - a +0 helmet (worn)
 m - a +0 pair of gloves (worn)
 r - a +2 cloak (worn)
 y - +0 steam dragon scales (worn)
 B - a +0 buckler (worn)
Jewellery
 h - an amulet of the acrobat (around neck)
 j - a +4 ring of protection (left hand)
 u - an uncursed ring of fire
 x - a ring of protection from fire (right hand)
Wands
 i - a wand of iceblast (2)
Scrolls
 n - 3 scrolls of enchant armour
 o - a scroll of enchant weapon
 q - 3 scrolls of remove curse
 s - 2 scrolls of fog
Potions
 g - a potion of flight
 t - a potion of resistance
 v - a potion of attraction


   Skills:
 + Level 6.7 Fighting
 * Level 8.2 Long Blades
 - Level 1.7 Throwing
 * Level 7.5 Armour
 + Level 6.0 Dodging
 + Level 2.9 Shields


You had 9 spell levels left.
You didn't know any spells.
Your spell library contained the following spells:

 Spells                   Type           Power        Failure   Level
 Shock                    Conj/Air       0%           56%         1
 Swiftness                Air            0%           71%         2
 Static Discharge         Conj/Air       0%           90%         3
 Airstrike                Air            0%           100%        4
 Lightning Bolt           Conj/Air       0%           100%        5


Dungeon Overview and Level Annotations

Branches:
Dungeon (7/15)             Temple (0/1) D:7          Bailey (1/1)

Altars:
Yredelemnul


Innate Abilities, Weirdness & Mutations

You thrive by killing the living.
You are immune to poison.
You have sharp fingernails.
Your flesh is cold resistant. (rC+)
You are immune to negative energy. (rN+++)
You do not regenerate when monsters are visible.
You are immune to unholy pain and torment.
You can survive without breathing.


Message History

The orc knight hits you with a +0 war axe!!
The orc barely misses you. The goblin hits you but does no damage.
The orc warrior hits you with a +0 war axe.
* * * LOW HITPOINT WARNING * * *
You hit the orc warrior.
The orc warrior is lightly wounded.
The orc warrior barely misses you.
You riposte.
You hit the orc warrior. You drain the orc warrior.
The orc warrior is lightly wounded.
The orc warrior hits you with a +0 war axe.
* * * LOW HITPOINT WARNING * * *
The orc knight roars a battlecry!
The orc warlord goes into a battle-frenzy!
The orc hits you but does no damage. The goblin misses you.
You block the orc warrior's attack.
You hit the orc warrior but do no damage.
You drain the orc warrior.
The orc warrior is lightly wounded.
The orc knight hits you with a +0 war axe!!
You die...

.....))##.......##)))....##
........#.......#.........#
....)...##.....##.........##
...⌠.....#######.....⌠.....#
........##.....##.....))).##
........#|$...$.#.....[[).#
...)...##......g##....)..##
.......#......goo#.......#
#..)).##......oo@##...))##
##)####........oog####)##
#.g...##.......oo##..)).##
.......#.......oo#....)..#
....g..##.......##.......##
........#.......#.........#
....go..###...###.........##
...⌠.....###)###.....⌠.....#
....g...##88)88##.........##


You could see an orc warlord (strong, drained), an orc knight (strong), 6 orc
warriors, 2 orcs and 3 goblins.

Vanquished Creatures
  A two-headed ogre (D:7)
  An orc knight (Bailey)
  A troll (D:7)
  The ghost of kthxbai the Changer, an amateur MfTm (D:4)
  Sigmund (D:3)
  Eustachio (D:4)
  A steam dragon (D:7)
  7 orc warriors
  2 sky beasts
  3 ice beasts
  An eye of draining (D:4)
  2 ogres
  Blork the orc (D:5)
  A bullfrog (D:7)
  A water moccasin zombie (D:6)
  2 scorpions (D:4)
  A howler monkey (D:4)
  3 hounds
  A gnoll shaman (D:7)
  A centaur skeleton (D:5)
  A bullfrog skeleton (D:4)
  2 orc priests
  An iguana (D:4)
  6 orc wizards
  3 worker ants (D:5)
  A centaur simulacrum (D:4)
  3 hound skeletons
  A worker ant zombie (D:7)
  14 gnolls
  5 adders
  A hound simulacrum (D:4)
  2 shadow imps (D:5)
  5 white imps
  A worker ant simulacrum (D:4)
  A worm (D:4)
  2 dart slugs
  4 leopard geckos
  21 orcs
  3 ball pythons
  2 giant cockroaches
  29 goblins
  19 hobgoblins
  10 jackals
  4 quokkas (D:2)
  A ball python skeleton (D:4)
  4 bats
  8 frilled lizards
  A jackal simulacrum (D:4)
  A jackal skeleton (D:4)
  3 kobolds (D:2)
  A leopard gecko skeleton (D:4)
  A quokka zombie (D:7)
  6 rats
200 creatures vanquished.

Notes
Turn   | Place    | Note
-------+----------+-------------------------------------------
     0 | D:1      | Borgoz the Ghoul Gladiator began the quest for the Orb.
     0 | D:1      | Reached XP level 1. HP: 17/17 MP: 0/0
   153 | D:1      | Reached XP level 2. HP: 25/25 MP: 1/1
   238 | D:1      | Reached skill level 3 in Long Blades
   238 | D:1      | Reached skill level 1 in Armour
   372 | D:1      | Reached XP level 3. HP: 30/30 MP: 2/2
   864 | D:2      | Reached XP level 4. HP: 37/37 MP: 3/3
  1512 | D:3      | Noticed Sigmund
  1835 | D:3      | Killed Sigmund
  1836 | D:3      | Reached skill level 4 in Long Blades
  1836 | D:3      | Reached XP level 5. HP: 45/45 MP: 4/4
  1836 | D:3      | Reached XP level 6. HP: 51/51 MP: 5/5
  2633 | D:4      | Noticed an eye of draining
  2636 | D:4      | Noticed an ice beast
  2647 | D:4      | Killed an eye of draining
  2660 | D:4      | Killed an ice beast
  2661 | D:4      | Reached XP level 7. HP: 43/58 MP: 2/6
  2803 | D:4      | Noticed kthxbai's ghost (amateur MfTm)
  2809 | D:4      | Noticed Eustachio
  2848 | D:4      | Killed Eustachio
  2865 | D:4      | Reached skill level 5 in Long Blades
  2978 | D:4      | Found a runed translucent gate.
  2979 | D:4      | Found a runed translucent gate.
  3259 | D:4      | Found a runed translucent gate.
  3405 | D:4      | Reached XP level 8. HP: 67/67 MP: 7/7
  3764 | D:4      | Killed kthxbai's ghost
  3844 | D:5      | Entered Level 5 of the Dungeon
  3888 | D:5      | Reached skill level 5 in Armour
  3990 | D:5      | Noticed Blork the orc
  4022 | D:5      | Killed Blork the orc
  4241 | D:5      | Reached skill level 5 in Fighting
  4241 | D:5      | Reached skill level 6 in Long Blades
  4660 | D:5      | Reached XP level 9. HP: 74/74 MP: 8/8
  5163 | D:6      | Got an iridescent long sword
  5258 | D:6      | Found a basalt altar of Yredelemnul.
  5291 | D:6      | Reached skill level 5 in Dodging
  5801 | D:7      | Noticed a troll
  5802 | D:7      | Noticed a two-headed ogre
  5826 | D:7      | Killed a troll
  5827 | D:7      | Reached skill level 7 in Long Blades
  5827 | D:7      | Reached skill level 1 in Shields
  6037 | D:7      | Killed a two-headed ogre
  6143 | D:7      | Reached XP level 10. HP: 28/83 MP: 9/9
  6173 | D:7      | Noticed a boulder beetle
  6193 | D:7      | Found a flagged portal.
  6246 | D:7      | Noticed a gargoyle
  6257 | Bailey   | Entered a bailey
  6760 | Bailey   | Noticed an orc knight
  6793 | Bailey   | Reached skill level 8 in Long Blades
  6806 | Bailey   | Killed an orc knight
  6995 | Bailey   | Noticed an orc knight
  6996 | Bailey   | Noticed an orc warlord
  7024 | Bailey   | Mangled by an orc knight

Illustrated notes

Levels and vault maps discovered:
D:1:      amcnicky_arrival_double_pillar, layout_rooms
D:2:      minmay_chambers_of_ones, layout_loops_cross, bh_walls_and_bars
D:3:      layout_loops_cross, uniq_sigmund
D:4:      layout_basic, gammafunk_ghost_icy, uniq_eustachio
D:5:      layout_basic, uniq_blork_the_orc
D:6:      layout_rooms, basic_altar, minmay_door_square, nrook_mini_backslash
D:7:      minmay_the_grid_octo_tiled_squarecenter [minmay_the_grid_octo_teeth,
          minmay_the_grid_octo_tetromino_candy, minmay_the_grid_octo_odd_swirl,
          minmay_the_grid_octo_clover_2,
          minmay_the_grid_square_5x5_megaprize_checkered,
          minmay_the_grid_square_5x5_broken_cross,
          minmay_the_grid_square_5x5_inset,
          minmay_the_grid_square_5x5_hollow_slash,
          minmay_the_grid_square_5x5_percent], layout_loops_ring,
          minmay_temple_entry_statues_pillars, enter_bailey_5,
          kennysheep_okawaru_gauntlet, uniq_menkaure
Bailey:   bailey_axe_minmay_hex_keep, bailey

Skill      XL: |  1  2  3  4  5  6  7  8  9 10 |
---------------+-------------------------------+-----
Long Blades    | 3 4 5 6 7 8 |  8.2
Armour         | 1 2 3 4 5 7 |  7.5
Dodging        | 3 4 5 6 |  6.0
Fighting       | 3 4 5 6 |  6.7
Shields        | 2 |  2.9
Throwing       | |  1.7

Action                   |  1- 3 |  4- 6 |  7- 9 | 10-12 || total
-------------------------+-------+-------+-------+-------++-------
Melee: Long sword        |    78 |   125 |    68 |       ||   271
       Dagger            |       |       |   626 |   143 ||   769
       Scimitar          |       |       |       |    79 ||    79
Throw: Throwing net      |       |     6 |     1 |       ||     7
Evoke: Wand              |       |     3 |     1 |       ||     4
  Use: Scroll            |     3 |     4 |     8 |     1 ||    16
       Potion            |       |     5 |     1 |     3 ||     9
 Stab: Invisible         |       |     1 |       |       ||     1
       Held in net/web   |       |     2 |     1 |       ||     3
       Sleeping          |       |       |     1 |       ||     1
Armor: Leather armour    |    30 |    49 |   275 |       ||   354
       Troll leather arm |       |       |       |    79 ||    79
       Steam dragon scal |       |       |       |     3 ||     3
Dodge: Dodged            |    50 |    90 |   420 |   179 ||   739
Block: Buckler           |       |       |    51 |    65 ||   116
       Rpst.: Long sword |    16 |    21 |    23 |       ||    60
       Scimitar          |       |       |       |    17 ||    17
